 Dungeon Crawl Stone Soup version 0.20-a0-1009-gc986637 (webtiles) character file.

14 MrRokkomies the Vexing (level 2, 0/21 HPs)
             Began as a Bultungin Arcane Marksman on Apr 15, 2017.
             Slain by a goblin
             ... wielding a +0 club
              (1 damage)
             ... on level 1 of the Dungeon.
             The game lasted 00:01:15 (399 turns).

MrRokkomies the Vexing (Bultungin Arcane Marksman)   Turns: 399, Time: 00:01:16

Health: 0/21       AC:  2    Str:  9    XL:     2   Next: 45%
Magic:  4/4        EV: 13    Int: 13    God:
Gold:   28         SH:  0    Dex: 14    Spells: 3/4 levels left

rFire    . . .     SeeInvis +   b - +0 mace
rCold    . . .     Gourm    .   (no shield)
rNeg     . . .     Faith    .   e - +0 robe
rPois    .         Spirit   .   (no helmet)
rElec    .         Reflect  .   (no cloak)
rCorr    .         Harm     .   (no gloves)
MR       .....                  (no boots)
Stlth    +.........             (no amulet)
Regen    0.1/turn               (no ring)
MPRegen  0.1/turn               (no ring)

@: no status effects
A: short attention span, fangs 1, see invisible, strong nose
a: no special abilities


You were on level 1 of the Dungeon.
You were not hungry.

You visited 1 branch of the dungeon, and saw 1 of its levels.

You collected 28 gold pieces.

Inventory:

Hand Weapons
 a - a +0 hand crossbow
 b - a +0 mace (weapon)
Missiles
 d - 17 bolts
Armour
 e - a +0 robe (worn)
Jewellery
 i - an uncursed amulet of faith
Scrolls
 h - a scroll of enchant weapon {unknown}
 k - a scroll of immolation {unknown}
Potions
 j - a potion of degeneration {unknown}
 l - a potion of agility {unknown}
Books
 c - a book of Debilitation

   Spells                             Type                      Level
   a - Corona                         Hexes                        1
   b - Slow                           Hexes                        2
   c - Inner Flame                    Hexes/Fire                   3
   d - Portal Projectile              Hexes/Translocation          3
   e - Cause Fear                     Hexes                        4
   f - Leda's Liquefaction            Hexes/Earth                  4
Comestibles
 f - a bread ration
 g - a royal jelly


   Skills:
 + Level 1.5 Fighting
 + Level 3.4 Crossbows
 + Level 3.3 Dodging
 + Level 1.7 Spellcasting
 + Level 5.1 Hexes


You had 3 spell levels left.
You knew the following spells:

 Your Spells              Type           Power        Failure   Level  Hunger
a - Corona                Hex            ##.....      3%          1    ##.....


Dungeon Overview and Level Annotations

Branches:
Dungeon (1/15)

Altars:


Innate Abilities, Weirdness & Mutations

You have a short attention span.
You have very sharp teeth.
You have supernaturally acute eyesight. (SInv)
Your uncanny sense of smell can sniff out nearby items.


Message History

You are too injured to fight recklessly!
You are too injured to fight recklessly!
You are too injured to fight recklessly!
You are too injured to fight recklessly!
A rat comes into view.
The goblin hits you with a club.
There is a stone staircase leading down here.
The rat closely misses you.
You barely miss the rat. The goblin hits you with a club.
* * * LOW HITPOINT WARNING * * *
The rat bites you but does no damage. The goblin hits you with a club.
* * * LOW HITPOINT WARNING * * *
You hit the rat.
The rat is moderately wounded.
The rat misses you. The goblin hits you but does no damage. The rat bites you.
* * * LOW HITPOINT WARNING * * *
You sock the rat!
You kill the rat!
The goblin hits you with a club.
You die...

####.# #..?.##########
..............
#######............
......#............
.......g>.r........
..##.#r#..........
#g###'##+### #@# #..#.##
.........# #†# ##.#..#
.........# #.# #..#.#
.........# ..# ##.#.##
.!.......# ### #.#..#
.........# #..#.#
∆.........# ##.#.#
.........##########.#.##
#...(........#....##


You could see 2 goblins and a rat.

Vanquished Creatures
  2 bats (D:1)
  3 goblins (D:1)
  3 hobgoblins (D:1)
  2 kobolds (D:1)
  A frilled lizard (D:1)
  A rat (D:1)
12 creatures vanquished.

Notes
Turn   | Place    | Note
-------+----------+-------------------------------------------
     0 | D:1      | MrRokkomies the Bultungin Arcane Marksman began the quest for the Orb.
     0 | D:1      | Reached XP level 1. HP: 15/15 MP: 3/3
    33 | D:1      | Reached XP level 2. HP: 17/21 MP: 1/4
    91 | D:1      | Reached skill level 5 in Hexes
   398 | D:1      | HP: 1/21 [rat (1)]
   399 | D:1      | Slain by a goblin

Vault maps used:
D:1:      roderic_chinese_lattice_arrival

Skill      XL: |  1  2 |
---------------+-------+-----
Hexes          | 5 |  5.1
Fighting       | |  1.5
Crossbows      | |  3.4
Dodging        | |  3.3
Spellcasting   | |  1.7

Action                   || total
-------------------------++-------
Melee: Mace              ||    13
 Fire: Hand crossbow     ||    17
 Cast: Corona            ||     4
Armor: Robe              ||     4
Dodge: Dodged            ||     8
